Map: Ulrena

Players

ILLBdA - Winner!

  • Race: Zerg Zerg
  • League: Diamond

StrawBerry

  • Race: Protoss Protoss
  • League: Diamond

VOD

Have the link to the VOD?

Description

Time

  • Played on: Dec. 17, 2015, 9:55 a.m.
  • Length: 4:15
Show
View Real Time Build Order
Export as new Build Order

ILLBdA Zerg - Winner!

Build Orders: Pool First 

Get SALT Encoding   

  12  0:01  Drone  
  13  0:12  Drone  
  14  0:29  Spawning Pool  
  14  0:30  Drone  
  14  0:39  Drone, Extractor  
  15  0:43  Overlord  
  15  0:53  Extractor  
  14  1:16  Zergling x2  
  14  1:17  Queen, Zergling x4  
  19  1:32  Zergling x2  
  20  1:40  Hatchery  
  20  1:46  Zergling x2  
  20  1:57  Metabolic Boost  
  20  2:05  Zergling x4  
  21  2:17  Overlord  
  21  2:45  Zergling x8  
  25  2:58  Zergling x4  
  27  2:59  Zergling x2  
  27  3:00  Zergling x4  
  30  3:20  Zergling x8  
  30  3:25  Zergling x2  
  32  3:45  Zergling x6  
  32  3:46  Overlord x2  
Show
View Real Time Build Order
Export as new Build Order

StrawBerry Protoss 

Build Orders:  

Get SALT Encoding   

  12  0:02  Probe (Chrono Boost)  
  13  0:12  Probe (Chrono Boost)  
  14  0:19  Pylon  
  14  0:23  Probe (Chrono Boost)  
  15  0:37  Probe (Chrono Boost)  
  15  0:38  Gateway  
  16  0:48  Probe (Chrono Boost)  
  17  0:58  Probe (Chrono Boost)  
  18  1:09  Probe (Chrono Boost)  
  19  1:19  Probe (Chrono Boost)  
  20  1:25  Assimilator  
  20  1:30  Cybernetics Core, Probe (Chrono Boost)  
  21  1:34  Assimilator  
  21  1:46  Nexus  
  21  1:52  Pylon  
  21  1:57  Zealot (Chrono Boost)  
  23  2:25  Adept (Chrono Boost)  
  23  2:26  Probe  
  26  2:38  Probe  
  27  2:50  Probe  
  28  3:02  Probe  
  29  3:08  Adept (Chrono Boost)  
  31  3:19  Gateway x2  
  31  3:20  Nexus  
  31  3:25  Probe  
  31  3:26  Pylon  
  29  3:38  Mothership Core  
Tags
 
Matchup
PvZ
Opening
Pool First
Replay Pack
me
Add a new tag
Caveats
  • Supply blocks, unpowered buildings, or Contaminate may cause inaccurate times.
  • Supply counts are checked every 10 seconds.